 Dungeon Crawl Stone Soup version 0.30-a0-141-g30f27751c5 (webtiles) character file.

Game seed: 16579641536763924915

152 qw the Chopper (level 5, 0/32 HPs)
             Began as a Gargoyle Fighter on Sept 25, 2022.
             Slain by Ijyb
             ... wielding a +3 club
              (6 damage)
             ... on level 3 of the Dungeon.
             The game lasted 00:01:00 (2790 turns).

qw the Chopper (Gargoyle Fighter)                   Turns: 2790, Time: 00:01:00

Health: 0/32       AC:  0    Str: 21      XL:     5   Next: 34%
Magic:  5/5        EV: 13    Int:  8 (9)  God:
Gold:   137        SH:  0    Dex:  9      Spells: 4/4 levels left

rFire   . . .      SeeInvis .    (weapon currently unavailable)
rCold   . . .      Faith    .    (shield currently unavailable)
rNeg    + . .      Spirit   .    (body armour currently unavailable)
rPois   inf        Reflect  .    (helmet currently unavailable)
rElec   .          Harm     .    (cloak currently unavailable)
rCorr   .          Rampage  .    (gloves currently unavailable)
Will    .....                    (boots currently unavailable)
Stlth   +.........               (no amulet)
HPRegen 0.10/turn                (ring currently unavailable)
MPRegen 0.09/turn                (ring currently unavailable)

@: pig-form, very quick
A: fast, no casting, sickness immunity, AC +4, small, negative energy resistance
1, (electricity resistance), torment resistance 1, petrification resistance
a: no special abilities


You were on level 3 of the Dungeon.
You were a filthy swine.
You visited 1 branch of the dungeon, and saw 3 of its levels.

You collected 137 gold pieces.


Innate Abilities, Weirdness & Mutations

You are a filthy swine.
You move quickly.
Your equipment is almost entirely melded.
You are incapable of wielding weapons or throwing items.
You cannot cast spells.
You are immune to sickness and miasma.
((Your stone body is resilient. (AC +4)))
You are immune to poison.
You resist negative energy. (rN+)
((You are resistant to electric shocks. (rElec)))
You are resistant to unholy torment.
You are immune to petrification.


   Skills:
 - Level 3.2 Fighting
 + Level 4.9 Axes
 - Level 3.2 Armour
 - Level 3.2 Shields


You had 4 spell levels left.
You didn't know any spells.
Your spell library was empty.

Inventory:

Hand Weapons
 i - a +0 whip
 Y - a +0 war axe (melded)
Armour
 a - the +3 plate armour of the Forest {-Tele rF++ Dex+3}
   (You found it on level 2 of the Dungeon)

   Dex:       It affects your dexterity (+3).
   rF:        It greatly protects you from fire.
   -Tele:     It prevents most forms of teleportation.
 b - a +0 scale mail (melded)
 c - a +0 buckler (melded)
Jewellery
 h - a +4 ring of evasion (melded)
Scrolls
 m - 2 scrolls of identify
Potions
 d - a potion of might
 e - a potion of haste {unknown}
 f - a potion of attraction {unknown}
 g - a potion of brilliance {unknown}
 k - a potion of curing {unknown}
 l - a potion of mutation {unknown}

Dungeon Overview and Level Annotations

Branches:
Dungeon (3/15)

Altars:

Annotations:
D:3 Ijyb


Message History

The ball python hisses angrily.
The endoplasm quivers.
Ijyb zaps a wand.
You turn into a filthy swine.
Your +0 war axe melds into your body.
Your +0 buckler melds into your body.
Your +0 scale mail melds into your body.
Your +4 ring of evasion melds into your body.
Things that are here:
a +0 club; a goblin corpse You barely miss the ball python.
The ball python bites you. The ball python misses you.
The ball python barely misses you. The ball python grabs you.
The ball python constricts you. The endoplasm hits you.
You hit the ball python.
The ball python is moderately wounded.
The ball python barely misses you. The ball python constricts you.
You hit the ball python.
You kill the ball python!
The endoplasm freezes you.
You are frozen.
You barely miss the endoplasm. The endoplasm freezes you.
You are frozen.
You hit the endoplasm but do no damage. The endoplasm freezes you.
You are frozen.
You hit the endoplasm.
The endoplasm is heavily wounded.
The endoplasm jiggles.
The endoplasm misses you.
You hit the endoplasm.
The endoplasm is almost dead.
The endoplasm hits you. Ijyb hits you with a +3 club.
You hit the endoplasm.
You kill the endoplasm!
Ijyb barely misses you.
You hit Ijyb but do no damage. Ijyb hits you with a +3 club!
You hit Ijyb but do no damage. Ijyb hits you with a +3 club.
You die...

#....# ### #....# ...#
#####....# .#...
.........## ....
########)#. #...
...........
#.#.#######.........#.
#.#...................#.
......#h.........######.
#.##..g.......... ##
#.###.)....... ..
#.#....... ...
#......... #. ..........
. #..........
..#.######. .## )#


You could see Ijyb.

Vanquished Creatures
  An orc wizard (D:3)
  4 adders
  A gnoll (D:1)
  2 worms
  2 dart slugs
  2 orcs (D:3)
  6 ball pythons
  A bat (D:1)
  5 endoplasms
  5 giant cockroaches
  5 goblins
  8 hobgoblins
  7 jackals (D:1)
  2 quokkas (D:1)
  A frilled lizard (D:2)
  8 kobolds
  4 rats
64 creatures vanquished.

Notes
Turn   | Place    | Note
-------+----------+-------------------------------------------
     0 | D:1      | qw the Gargoyle Fighter began the quest for the Orb.
     0 | D:1      | Reached XP level 1. HP: 14/14 MP: 1/1
     0 | D:1      | 0 ||| qw: Version: 0.2-a-10-g399e6c4
     0 | D:1      | 0 ||| qw: Game counter: 295
     0 | D:1      | 0 ||| qw: Always use a shield: true
     0 | D:1      | 0 ||| qw: God list: Okawaru
     0 | D:1      | 0 ||| qw: Allow faded altars: false
     0 | D:1      | 0 ||| qw: Do Orc after D:15 true
     0 | D:1      | 0 ||| qw: Do second Lair branch before Depths: true
     0 | D:1      | 0 ||| qw: Lair rune preference: random
     0 | D:1      | 0 ||| qw: Plans: Normal, Zot:1-4, God:TSO, Crypt, Tomb,
                  | Pan, Slime:5, Hells, Abyss, Orb
     0 | D:1      | 0 ||| PLANNING D:1-11
   116 | D:1      | Reached skill level 2 in Axes
   122 | D:1      | Reached XP level 2. HP: 13/19 MP: 2/2
   240 | D:1      | 240 ||| Stepping ~*~*~tactically~*~*~ (stealth).
   288 | D:1      | 288 ||| Stepping ~*~*~tactically~*~*~ (stealth).
   299 | D:1      | Reached skill level 3 in Axes
   299 | D:1      | Reached XP level 3. HP: 17/23 MP: 3/3
   501 | D:1      | 501 ||| DROPPING +0 club.
   505 | D:1      | 505 ||| Stepping ~*~*~tactically~*~*~ (hiding).
   508 | D:1      | 508 ||| Stepping ~*~*~tactically~*~*~ (stealth).
   762 | D:1      | 762 ||| Stepping ~*~*~tactically~*~*~ (stealth).
  1116 | D:1      | 1116 ||| DROPPING amulet of faith.
  1117 | D:1      | 1117 ||| UPGRADING to +4 ring of evasion.
  1118 | D:1      | 1118 ||| READING scroll labelled FIUKKE QAAKK.
  1119 | D:1      | 1119 ||| READING scroll labelled UDDILAUREPP.
  1120 | D:1      | 1120 ||| READING scroll labelled UDDASTR DYQONI.
  1221 | D:1      | 1221 ||| DRINKING 2 inky potions.
  1222 | D:1      | 1222 ||| DROPPING potion of degeneration.
  1267 | D:2      | Identified the +3 plate armour of the Forest {-Tele rF++
                  | Dex+3}
  1362 | D:2      | 1362 ||| Stepping ~*~*~tactically~*~*~ (stealth).
  1488 | D:2      | Reached XP level 4. HP: 28/28 MP: 4/4
  1511 | D:2      | Found a faded altar of an unknown god.
  1652 | D:2      | 1652 ||| Stepping ~*~*~tactically~*~*~ (hiding).
  1816 | D:2      | Reached skill level 4 in Axes
  2247 | D:2      | 2247 ||| READING scroll labelled DOHYURAIZO.
  2248 | D:2      | 2248 ||| READING scroll labelled GABIPI AKHLEETA.
  2365 | D:3      | 2365 ||| Stepping ~*~*~tactically~*~*~ (hiding).
  2491 | D:3      | 2491 ||| Stepping ~*~*~tactically~*~*~ (stealth).
  2493 | D:3      | 2493 ||| Stepping ~*~*~tactically~*~*~ (hiding).
  2497 | D:3      | 2497 ||| Stepping ~*~*~tactically~*~*~ (hiding).
  2507 | D:3      | Reached XP level 5. HP: 23/32 MP: 5/5
  2547 | D:3      | 2547 ||| Stepping ~*~*~tactically~*~*~ (stealth).
  2635 | D:3      | 2635 ||| Stepping ~*~*~tactically~*~*~ (stealth).
  2636 | D:3      | 2636 ||| Stepping ~*~*~tactically~*~*~ (stealth).
  2770 | D:3      | 2770 ||| Stepping ~*~*~tactically~*~*~ (stealth).
  2777 | D:3      | Noticed Ijyb
  2779 | D:3      | 2779 ||| Stepping ~*~*~tactically~*~*~ (hiding).
  2789 | D:3      | HP: 6/32 [Ijyb/+3 club (7)]
  2790 | D:3      | Slain by Ijyb

Levels and vault maps discovered:
D:1:      mrwooster_arrival_statue_2, layout_basic, minmay_bisected
D:2:      minmay_alternating_diamond, layout_loops_corners,
          hellmonk_ecumenical_altar_run_dry
D:3:      layout_basic, minmay_fractal_squares_5, uniq_ijyb

Skill      XL: |  1  2  3  4 |
---------------+-------------+-----
Axes           | 2 3 4 |  4.9
Fighting       | |  3.2
Armour         | |  3.2
Shields        | |  3.2

Action                   |  1- 3 |  4- 6 || total
-------------------------+-------+-------++-------
Melee: War axe           |   106 |    81 ||   187
       Unarmed           |       |    10 ||    10
  Use: Scroll            |     3 |     2 ||     5
       Potion            |     1 |       ||     1
Armor: Scale mail        |    63 |    23 ||    86
Dodge: Dodged            |    60 |    55 ||   115
Block: Buckler           |    18 |     8 ||    26

Table legend:
 A = Non-vault XP
 B = Vault XP
 C = Vault XP percentage of total XP
 D = Non-vault monster count
 E = Vault monster count
 F = Vault count percentage of total count
                 A         B        C        D         E       F
            +---------+---------+-------+---------+---------+-------
      Total |     187 |      31 |  14.2 |      50 |      14 |  21.9
            +---------+---------+-------+---------+---------+-------
        D:1 |      64 |       7 |   9.9 |      28 |       4 |  12.5
        D:2 |      43 |       9 |  17.3 |      11 |       3 |  21.4
        D:3 |      80 |      15 |  15.8 |      11 |       7 |  38.9
            +---------+---------+-------+---------+---------+-------
